 Dungeon Crawl Stone Soup version 0.23-a0-391-g8c51ad5 (webtiles) character file.

71 lemonriz the Skirmisher (level 4, 0/40 HPs)
             Began as a Hill Orc Fighter on Oct 30, 2018.
             Slain by Crazy Yiuf
             ... wielding a +4 quarterstaff of chaos
              (1 damage)
             ... on level 2 of the Dungeon.
             The game lasted 00:02:13 (978 turns).

lemonriz the Skirmisher (Hill Orc Fighter)           Turns: 978, Time: 00:02:13

Health: 0/40       AC:  8    Str: 19    XL:     4   Next: 24%
Magic:  4/4        EV:  2    Int:  8    God:
Gold:   0          SH:  0    Dex: 10    Spells: 3/3 levels left

rFire    . . .     SeeInvis .   a - +0 war axe
rCold    . . .     Gourm    .   c - +0 shield
rNeg     + + +     Faith    .   b - +0 scale mail
rPois    ∞         Spirit   .   n - +0 helmet
rElec    .         Reflect  .   (no cloak)
rCorr    .         Harm     .   (no gloves)
MR       .....                  (no boots)
Stlth    ..........             (no amulet)
HPRegen  0.13/turn              (no ring)
MPRegen  0.09/turn              (no ring)

@: petrified, hasted
A: no striking features
a: no special abilities


You were on level 2 of the Dungeon.
You were not hungry.

You visited 1 branch of the dungeon, and saw 2 of its levels.

Inventory:

Hand Weapons
 a - a +0 war axe (weapon)
Armour
 b - a +0 scale mail (worn)
 c - a +0 shield (worn)
 n - a +0 helmet (worn)
Scrolls
 e - a scroll of blinking {unknown}
 h - 3 scrolls of identify {unknown}
 i - 2 scrolls of remove curse {unknown}
 j - 3 scrolls of amnesia {unknown}
 k - a scroll of teleportation {unknown}
 m - a scroll of random uselessness {unknown}
Potions
 d - 2 potions of might
 g - a potion of lignification {unknown}
Comestibles
 f - 2 rations


   Skills:
 + Level 4.2 Fighting
 * Level 4.2 Axes
 + Level 3.8 Armour
 + Level 3.8 Shields


You had 3 spell levels left.
You didn't know any spells.
Your spell library was empty.

Dungeon Overview and Level Annotations

Branches:
Dungeon (2/15)

Altars:

Annotations:
D:2 Crazy Yiuf


Message History

You suddenly lose the ability to move!
Crazy Yiuf zaps a wand.
The puff of flame hits you!
Crazy Yiuf screams, "Ten!
Fluff down sing."
Crazy Yiuf hits you with a +4 quarterstaff of chaos!
* * * LOW HITPOINT WARNING * * *
You feel yourself speed up.
Crazy Yiuf hits you with a +4 quarterstaff of chaos.
* * * LOW HITPOINT WARNING * * *
You are slowing down.
Crazy Yiuf hits you with a +4 quarterstaff of chaos.
* * * LOW HITPOINT WARNING * * *
Your limbs are stiffening.
Crazy Yiuf zaps a wand.
The puff of flame hits you!
You can move again.
You have turned to stone.
Crazy Yiuf grits, "Cholesterol cloud sing!"
Crazy Yiuf hits you with a +4 quarterstaff of chaos.
* * * LOW HITPOINT WARNING * * *
Crazy Yiuf freezes you.
You die...

♣..PP♣
###
♣..P♣♣
♣♣.♣♣
♣.♣♣
♣♣.♣
♣.♣♣
♣♣.♣
##'##
#.@.#
#.g.#
#..)#
#####


You could see Crazy Yiuf.

Vanquished Creatures
  Robin (D:2)
  An adder (D:2)
  An ooze (D:1)
  2 leopard geckos
  4 hobgoblins
  3 kobolds (D:1)
  4 bats
  A frilled lizard (D:2)
  20 goblins
  6 rats
43 creatures vanquished.

Notes
Turn   | Place    | Note
-------+----------+-------------------------------------------
     0 | D:1      | lemonriz the Hill Orc Fighter began the quest for the Orb.
     0 | D:1      | Reached XP level 1. HP: 19/19 MP: 1/1
    62 | D:1      | Reached XP level 2. HP: 13/27 MP: 2/2
   299 | D:1      | Reached XP level 3. HP: 32/33 MP: 3/3
   675 | D:2      | Noticed Robin
   695 | D:2      | Killed Robin
   695 | D:2      | Reached XP level 4. HP: 9/40 MP: 4/4
   964 | D:2      | Found a runed door.
   968 | D:2      | Noticed Crazy Yiuf
   972 | D:2      | Paralysed by Crazy Yiuf for 6 turns
   978 | D:2      | HP: 1/40 [Crazy Yiuf/+4 quarterstaff of chaos (2)]
   978 | D:2      | Slain by Crazy Yiuf

Vault maps used:
D:1:      dpeg_arrival_lava_altar
D:2:      uniq_terence, uniq_robin, uniq_crazy_yiuf_cottage

Skill      XL: |  1  2  3 |
---------------+----------+-----
Axes           | 3 4 |  4.2
Fighting       | 4 |  4.2
Armour         | |  3.8
Shields        | |  3.8

Action                   |  1- 3 |  4- 6 || total
-------------------------+-------+-------++-------
Melee: War axe           |    89 |    12 ||   101
Armor: Scale mail        |    56 |     2 ||    58
Dodge: Dodged            |    42 |     5 ||    47
Block: Shield            |    51 |    10 ||    61

Table legend:
 A = Non-vault XP
 B = Vault XP
 C = Vault XP percentage of total XP
 D = Non-vault monster count
 E = Vault monster count
 F = Vault count percentage of total count
                 A         B        C        D         E       F
            +---------+---------+-------+---------+---------+-------
      Total |      67 |      35 |  34.3 |      32 |      11 |  25.6
            +---------+---------+-------+---------+---------+-------
        D:1 |      38 |       0 |   0.0 |      21 |       0 |   0.0
        D:2 |      29 |      35 |  54.7 |      11 |      11 |  50.0
            +---------+---------+-------+---------+---------+-------
